 Dungeon Crawl Stone Soup version 0.31-a0-1009-g454b1f1 (webtiles) character file.

Game seed: 16305669620296070707

10 NeededCrab the Trooper (level 2, -5/29 HPs)
             Began as an Ogre Reaver on Nov 15, 2023.
             Succumbed to a kobold's poison
             ... on level 1 of the Dungeon.
             The game lasted 00:01:38 (235 turns).

NeededCrab the Trooper (Ogre Reaver)                 Turns: 235, Time: 00:01:38

Health: -5/29      AC:  3    Str: 15    XL:     2   Next: 20%
Magic:  5/5        EV:  9    Int: 14    God:
Gold:   16         SH:  0    Dex:  7    Spells: 5/6 levels left

rFire   . . .        a - +0 mace
rCold   . . .        (no shield)
rNeg    . . .        b - +0 robe
rPois   .            (helmet restricted)
rElec   .            (no cloak)
rCorr   .            (gloves unavailable)
SInv    .            (boots unavailable)
Will    .....        (no amulet)
Stlth   +            (no ring)
HPRegen 0.24/turn    (no ring)
MPRegen 0.09/turn

%: no passive effects
@: lethally poisoned (-5 -> -45)
A: large, unfitting armour, tough skin 1
a: no special abilities


You were on level 1 of the Dungeon.
You visited 1 branch of the dungeon, and saw 1 of its levels.

You collected 16 gold pieces.

Inventory:

Hand Weapons
 a - a +0 mace (weapon)
Armour
 b - a +0 robe (worn)
Scrolls
 c - a scroll of poison {unknown}
 d - a scroll of summoning {unknown}


   Skills:
 + Level 2.9 Fighting
 + Level 2.8 Maces & Flails
 - Level 1.7 Dodging
 + Level 2.6 Spellcasting
 + Level 2.8 Conjurations
 + Level 0.4 Necromancy


You had 5 spell levels left.
You knew the following spells:

 Your Spells              Type           Power      Damage    Failure   Level
a - Kiss of Death         Conj/Necr      24%        2d7       12%         1

Your spell library contained the following spells:

 Spells                   Type           Power      Damage    Failure   Level
 Momentum Strike          Conj/Tloc      10%        3d8       19%         2
 Hailstorm                Conj/Ice       5%         3d4       36%         3


Dungeon Overview and Level Annotations

Branches:
Dungeon (1/15)

Altars:


Innate Abilities, Weirdness & Mutations

You are too large for most types of armour.
You have tough skin. (AC +1)


Message History

A rat comes into view.
A rat is nearby!
Found a scroll labelled HUNEIV PEFFUG.
The rat bites you.
You hit the rat.
You kill the rat!
No target in view!
No target in view!
No target in view!
A rat comes into view.
Found a There-And-Back Book.
The rat bites you.
You hit the rat but do no damage. The rat bites you but does no damage.
The rat barely misses you.
You hit the rat.
You kill the rat!
No target in view!
No target in view!
d - a scroll labelled HUNEIV PEFFUG A kobold comes into view.
It is wielding a +2 short sword of venom.
The kobold shouts!
The kobold throws a stone.
The stone barely misses you.
You completely miss the kobold.
The kobold hits you with a +2 short sword of venom.
You are poisoned.
You closely miss the kobold.
You feel very sick.
The kobold hits you with a +2 short sword of venom.
You are lethally poisoned!
You hit the kobold but do no damage.
* * * LOW HITPOINT WARNING * * *
You feel extremely sick.
The kobold hits you with a +2 short sword of venom.
* * * LOW HITPOINT WARNING * * *
You are more poisoned.
The kobold hits you with a +2 short sword of venom.
* * * LOW HITPOINT WARNING * * *
You are more poisoned.
You closely miss the kobold.
You die...

.P...~~.#
#.#.#.#########
....P..P#.####.#.#.#####
P..~.~P.#..............#
.....~~.#.####...#.###.#
...P~≈.. ##..#.#
######## #..#.# #..#.#
#..#.# #.@#.#
......:K.......
######..######. #..#
#..# #..# #..# #.##


You could see a kobold.

Vanquished Creatures
  2 giant cockroaches (D:1)
  2 hobgoblins (D:1)
  A kobold (D:1)
  5 rats (D:1)
10 creatures vanquished.

Notes
Turn   | Place    | Note
-------+----------+-------------------------------------------
     0 | D:1      | NeededCrab the Ogre Reaver began the quest for the Orb.
     0 | D:1      | Reached XP level 1. HP: 22/22 MP: 3/3
   161 | D:1      | Reached XP level 2. HP: 26/29 MP: 5/5
   235 | D:1      | Succumbed to a kobold's poison

Illustrated notes

Levels and vault maps discovered:
D:1:      lemuel_arrival_muddy, layout_rooms, minmay_misc_feat_tiny

Action                     || total
---------------------------++-------
  Melee: Mace              ||    37
 Armour: Robe              ||    27
  Dodge: Dodged            ||    14

Table legend: (Time is in decaauts)
 A = Elapsed time spent in this place.
 B = Non-inter-level travel time spent in this place.
 C = Inter-level travel time spent in this place.
 D = Time resting spent in this place.
 E = Time spent auto-exploring this place.
 F = Levels seen in this place.
 G = Mean time per level.
                   A        B        C        D        E       F      G
               +--------+--------+--------+--------+--------+-----+--------+
         Total |    244 |    244 |      0 |     46 |     82 |   1 |  244.0 |
       Dungeon |    244 |    244 |      0 |     46 |     82 |   1 |  244.0 |
               +--------+--------+--------+--------+--------+-----+--------+

Top non-repeatable levels by time:
     D:1: 244 daAuts
